 Dungeon Crawl Stone Soup version 0.31-a0-640-g39d97e502b (webtiles) character file.

Game seed: 7371231054155725182

60 qw the Shooter (level 4, -2/28 HPs)
             Began as a Gargoyle Hunter on Aug 27, 2023.
             Slain by Terence
             ... wielding a +0 falchion
              (4 damage)
             ... on level 3 of the Dungeon.
             The game lasted 00:00:37 (1677 turns).

qw the Shooter (Gargoyle Hunter)                    Turns: 1677, Time: 00:00:38

Health: -2/28      AC:  8    Str: 15    XL:     4   Next: 6%
Magic:  4/4        EV: 11    Int:  9    God:
Gold:   101        SH:  5    Dex: 15    Spells: 3/3 levels left

rFire   . . .        Y - +0 shortbow (flame)
rCold   + . .        (shield currently unavailable)
rNeg    + . .        d - +0 ring mail
rPois   inf          (no helmet)
rElec   +            (no cloak)
rCorr   .            (no gloves)
SInv    .            (no boots)
Will    .....        h - amulet of reflection
Stlth   +            g - ring of protection from cold
HPRegen 0.24/turn    (no ring)
MPRegen 0.09/turn

%: reflection
@: about to teleport
A: sickness immunity, AC +3, negative energy resistance 1, electricity
resistance, torment resistance 1, petrification resistance
a: no special abilities


You were on level 3 of the Dungeon.
You visited 1 branch of the dungeon, and saw 3 of its levels.

You collected 101 gold pieces.


Innate Abilities, Weirdness & Mutations

You are immune to sickness and miasma.
Your stone body is resilient. (AC +3)
You are immune to poison.
You resist negative energy. (rN+)
You are resistant to electric shocks. (rElec)
You are resistant to unholy torment.
You are immune to petrification.


   Skills:
 - Level 3.0 Fighting
 + Level 5.0 Ranged Weapons
 - Level 1.0 Armour
 - Level 1.5 Dodging
 - Level 1.1 Stealth


You had 3 spell levels left.
You didn't know any spells.
Your spell library was empty.

Inventory:

Hand Weapons
 Y - a +0 shortbow of flaming (weapon)
Armour
 d - a +0 ring mail (worn)
Jewellery
 g - a ring of protection from cold (left hand)
 h - an amulet of reflection (around neck)
Scrolls
 b - a scroll of identify
Potions
 i - 2 potions of curing

Dungeon Overview and Level Annotations

Branches:
Dungeon (3/15)

Altars:

Annotations:
D:3 Terence


Message History

You shoot an arrow. The arrow closely misses Terence.
Terence hits you with a +0 falchion.
You shoot an arrow.
The arrow hits Terence but does no damage.
Terence is heavily wounded.
Terence hits you with a +0 falchion. Terence misses you.
You shoot an arrow. The arrow hits Terence.
The arrow burns Terence.
Terence is severely wounded.
Terence hits you with a +0 falchion.
You shoot an arrow. The arrow hits Terence.
The arrow burns Terence.
Terence is almost dead.
You block Terence's attack.
You shoot an arrow.
The arrow hits Terence but does no damage.
Terence is almost dead.
Terence barely misses you.
You shoot an arrow.
The arrow hits Terence but does no damage.
Terence is almost dead.
Terence closely misses you. Terence hits you with a +0 falchion.
You shoot an arrow. The arrow hits Terence.
The arrow burns Terence.
Terence is almost dead.
Terence misses you.
You shoot an arrow. The arrow barely misses Terence.
Terence misses you.
You shoot an arrow.
The arrow hits Terence but does no damage.
Terence is almost dead.
Terence hits you with a +0 falchion!
1675 ||| READING scroll of teleportation.
As you read the scroll of teleportation, it crumbles to dust.
You feel strangely unstable. Terence barely misses you.
You shoot an arrow.
The arrow hits Terence but does no damage.
Terence is almost dead.
Terence hits you with a +0 falchion. Terence closely misses you.
You shoot an arrow. The arrow barely misses Terence.
Terence hits you with a +0 falchion.
You die...

##.### # ....#
#.#.#.# #.#.#.#
#...<.#
#########.### ##
##.........#
##...##...########
#.....@@...#
...........#
.##.##.....# #
##...## #####


You could see Terence.

Vanquished Creatures
  An adder (D:2)
  A worm (D:2)
  6 endoplasms
  2 giant cockroaches
  7 goblins
  2 hobgoblins (D:2)
  4 jackals (D:1)
  A kobold (D:1)
  2 quokkas (D:2)
  4 ball pythons
  7 bats
  A frilled lizard (D:1)
  4 rats (D:1)
42 creatures vanquished.

Notes
Turn   | Place    | Note
-------+----------+-------------------------------------------
     0 | D:1      | qw the Gargoyle Hunter began the quest for the Orb.
     0 | D:1      | Reached XP level 1. HP: 12/12 MP: 1/1
     0 | D:1      | 0 ||| qw: Version: 0.3-a-74-g0d5e918
     0 | D:1      | 0 ||| qw: Game counter: 91
     0 | D:1      | 0 ||| qw: Melee chars always use a shield: true
     0 | D:1      | 0 ||| qw: God list: Okawaru
     0 | D:1      | 0 ||| qw: Allow faded altars: false
     0 | D:1      | 0 ||| qw: Do Orc after clearing Dungeon:15 true
     0 | D:1      | 0 ||| qw: Do second Lair branch before Depths: true
     0 | D:1      | 0 ||| qw: Lair rune preference: random
     0 | D:1      | 0 ||| qw: Goals: Normal
     0 | D:1      | 0 ||| PLANNING D:1-11
   120 | D:1      | Reached XP level 2. HP: 14/17 MP: 2/2
   141 | D:1      | 141 ||| RETREATING.
   147 | D:1      | 147 ||| Stepping ~*~*~tactically~*~*~ (retreating).
   438 | D:1      | Reached XP level 3. HP: 12/21 MP: 3/3
   550 | D:1      | Reached skill level 5 in Ranged Weapons
   616 | D:1      | 616 ||| UPGRADING to +0 ring mail.
   626 | D:1      | 626 ||| DROPPING +0 leather armour.
   627 | D:1      | 627 ||| UPGRADING to amulet of reflection.
   632 | D:1      | 632 ||| UPGRADING to ring of protection from cold.
   633 | D:1      | 633 ||| READING 2 scrolls labelled OWIUTU EROAN.
   636 | D:1      | 636 ||| DROPPING scroll of butterflies.
   781 | D:2      | Reached skill level 1 in Armour
  1060 | D:2      | Reached XP level 4. HP: 26/27 MP: 4/4
  1152 | D:2      | Reached skill level 3 in Fighting
  1503 | D:2      | 1503 ||| READING 3 scrolls labelled ETIUZ YSY EGE.
  1504 | D:2      | 1504 ||| READING scroll labelled VUSIHO VUOHUAGH.
  1505 | D:2      | 1505 ||| READING scroll labelled JAUDATIPNI.
  1606 | D:2      | 1606 ||| READING scroll labelled TUT RACWOE.
  1607 | D:2      | 1607 ||| DRINKING 2 white potions.
  1608 | D:2      | 1608 ||| DRINKING 3 bubbling pink potions.
  1609 | D:2      | 1609 ||| READING 2 scrolls of identify.
  1609 | D:2      | 1609 ||| IDENTIFYING viscous brown potion
  1610 | D:2      | 1610 ||| DROPPING potion of brilliance.
  1611 | D:2      | 1611 ||| DROPPING potion of magic.
  1644 | D:3      | Noticed Terence
  1674 | D:3      | HP: 3/28 [Terence/+0 falchion (9)]
  1675 | D:3      | 1675 ||| READING scroll of teleportation.
  1677 | D:3      | Slain by Terence

Levels and vault maps discovered:
D:1:      amcnicky_arrival_flooded_fountain, layout_rooms, supply_closet_lemuel
D:2:      layout_basic, minmay_pentomino_w4, uniq_crazy_yiuf_cottage
D:3:      layout_loops_corners, nicolae_tso_carved_into_rock,
          kennysheep_vampire_church, uniq_sigmund, uniq_terence

Skill      XL: |  1  2  3  4 |
---------------+-------------+-----
Ranged Weapons | 5 |  5.0
Armour         | 1 |  1.0
Fighting       | 3 |  3.0
Dodging        | |  1.5
Stealth        | |  1.1

Action                     |  1- 3 |  4- 6 || total
---------------------------+-------+-------++-------
   Fire: Shortbow          |    99 |    40 ||   139
    Use: Scroll            |     1 |     6 ||     7
         Potion            |       |     2 ||     2
 Armour: Leather armour    |    10 |       ||    10
         Ring mail         |     7 |     3 ||    10
  Dodge: Dodged            |    20 |    18 ||    38
  Block: Other             |     5 |     5 ||    10

Table legend:
 A = Non-vault XP
 B = Vault XP
 C = Vault XP percentage of total XP
 D = Non-vault monster count
 E = Vault monster count
 F = Vault count percentage of total count
                 A         B        C        D         E       F
            +---------+---------+-------+---------+---------+-------
      Total |      71 |      16 |  18.4 |      35 |       7 |  16.7
            +---------+---------+-------+---------+---------+-------
        D:1 |      41 |       0 |   0.0 |      24 |       0 |   0.0
        D:2 |      30 |      16 |  34.8 |      11 |       7 |  38.9
            +---------+---------+-------+---------+---------+-------
